 Dungeon Crawl Stone Soup version 0.25.1-2-g60ff931df9 (webtiles) character file.

Game seed: 9744781608134696515

107 Morbidden the Skirmisher (level 4, -15/40 HPs)
             Began as a Draconian Fighter on July 30, 2020.
             Demolished by Crazy Yiuf
             ... wielding a +4 quarterstaff of chaos
              (16 damage)
             ... on level 2 of the Dungeon.
             The game lasted 00:02:01 (2128 turns).

Morbidden the Skirmisher (Draconian Fighter)        Turns: 2128, Time: 00:02:02

Health: -15/40     AC:  5    Str: 18    XL:     4   Next: 56%
Magic:  0/4        EV: 11    Int:  9    God:
Gold:   77         SH:  9    Dex: 11    Spells: 3/3 levels left

rFire    . . .     SeeInvis .     - Unarmed
rCold    . . .     Gourm    .   a - +0 kite shield
rNeg     . . .     Faith    .   (armour unavailable)
rPois    .         Spirit   .   (helmet restricted)
rElec    .         Reflect  .   (no cloak)
rCorr    .         Harm     .   (no gloves)
MR       .....                  (no boots)
Stlth    ..........             (no amulet)
HPRegen  0.13/turn              o - ring of attention (curse)
MPRegen  0.09/turn              (no ring)

@: lethally poisoned (-15 -> -22)
A: unfitting armour, cold-blooded, AC +5
a: no special abilities


You were on level 2 of the Dungeon.
You were not hungry.

You visited 1 branch of the dungeon, and saw 2 of its levels.

You collected 77 gold pieces.

Inventory:

Armour
 a - a +0 kite shield (worn)
Jewellery
 o - a cursed ring of attention (left hand)
Scrolls
 d - a scroll of enchant weapon {unknown}
 f - a scroll of blinking {unknown}
 h - a scroll of remove curse {unknown}
 j - 4 scrolls of identify
 k - a scroll of teleportation {unknown}
Potions
 b - a potion of might
 e - a potion of degeneration {unknown}
 g - a potion of mutation {unknown}
 i - a potion of curing {unknown}
 l - 2 potions of brilliance {unknown}
Comestibles
 c - 4 rations
 n - 2 chunks of flesh


   Skills:
 * Level 3.9 Fighting
 + Level 3.3 Dodging
 + Level 0.5 Stealth
 + Level 3.7 Shields
 + Level 2.8 Unarmed Combat
 * Level 0.2 Spellcasting


You had 3 spell levels left.
You didn't know any spells.
Your spell library was empty.

Dungeon Overview and Level Annotations

Branches:
Dungeon (2/15)

Altars:

Annotations:
D:2 Crazy Yiuf


Innate Abilities, Weirdness & Mutations

Your plain brown scales are hard. (AC +5)
You cannot fit into any form of body armour.
You are cold-blooded and may be slowed by cold attacks.


Message History

Crazy Yiuf is moderately wounded.
Crazy Yiuf barely misses you.
You closely miss Crazy Yiuf.
Crazy Yiuf is moderately wounded.
Crazy Yiuf hits you with a +4 quarterstaff of chaos!
You are electrocuted!!
* * * LOW HITPOINT WARNING * * *
You barely miss Crazy Yiuf.
Crazy Yiuf is moderately wounded.
Crazy Yiuf says, "Defame pizzabubble arga!"
Crazy Yiuf hits you with a +4 quarterstaff of chaos.
* * * LOW HITPOINT WARNING * * *
You are lethally poisoned!
You barely miss Crazy Yiuf.
You tail-slap Crazy Yiuf, but do no damage.
Crazy Yiuf is moderately wounded.
* * * LOW HITPOINT WARNING * * *
You feel sick.
Crazy Yiuf hits you with a +4 quarterstaff of chaos!
You die...

........#..#
#....#####..........
###.....##.# #....#
##.#....... #
#.....#### ♣....♣
#.###<.... #.....#
♣...♣♣ ###.##..)...
#.....# ♣♣.♣♣
#.#.##......
########## ♣?♣♣
#...........
###....# ♣♣.♣
##..##......
#####...#### ♣.♣♣
##.###.....
......### ♣♣@♣ ###
##...# ####### #g#
##### .....######
... ####......##
#...# ######..#
#..)# #### ##.#
##### #... ###
###### #...
#....####...
####...##...


You could see Crazy Yiuf.

Vanquished Creatures
  Jessica (D:2)
  Terence (D:2)
  3 adders (D:2)
  3 dart slugs (D:2)
  A giant cockroach (D:1)
  3 goblins
  A hobgoblin (D:2)
  A jackal (D:2)
  3 bats (D:2)
  A frilled lizard (D:2)
  A kobold (D:2)
  8 rats
27 creatures vanquished.

Notes
Turn   | Place    | Note
-------+----------+-------------------------------------------
     0 | D:1      | Morbidden the Draconian Fighter began the quest for the
                  | Orb.
     0 | D:1      | Reached XP level 1. HP: 19/19 MP: 1/1
   580 | D:2      | Reached XP level 2. HP: 26/26 MP: 2/2
   676 | D:2      | Noticed Terence
   699 | D:2      | Killed Terence
   699 | D:2      | Reached XP level 3. HP: 7/33 MP: 3/3
  1298 | D:2      | Noticed Jessica
  1312 | D:2      | Killed Jessica
  1312 | D:2      | Reached XP level 4. HP: 26/40 MP: 4/4
  2117 | D:2      | Found a runed translucent door.
  2120 | D:2      | Noticed Crazy Yiuf
  2127 | D:2      | HP: 1/40 [Crazy Yiuf/+4 quarterstaff of chaos (5)]
  2128 | D:2      | Demolished by Crazy Yiuf

Illustrated notes

Levels and vault maps discovered:
D:1:      mrwooster_arrival_arrow, layout_loops_ring
D:2:      layout_rooms, st_stairs_10, uniq_jessica, uniq_terence,
          uniq_crazy_yiuf_cottage

Skill      XL: |  1  2 |
---------------+-------+-----
Dodging        | 3 |  3.3
Fighting       | |  3.9
Stealth        | |  0.5
Shields        | |  3.7
Unarmed Combat | |  2.8
Spellcasting   | |  0.2

Action                   |  1- 3 |  4- 6 || total
-------------------------+-------+-------++-------
Melee: Unarmed           |    91 |    68 ||   159
       Tailslap          |     9 |     8 ||    17
  Use: Scroll            |       |     1 ||     1
  Eat: Chunk             |       |     4 ||     4
Armor: Skin              |    28 |    12 ||    40
Dodge: Dodged            |    42 |    22 ||    64
Block: Kite shield       |    32 |    32 ||    64
